Map: Lerilak Crest

Players

LilDicky - Winner!

  • Race: Terran Terran
  • League: Diamond

Voskk

  • Race: Zerg Zerg
  • League: Platinum

VOD

http://www.twitch.tv/tumescentpie

Description

Time

  • Played on: Dec. 11, 2015, 4:16 p.m.
  • Length: 12:39
Show
View Real Time Build Order
Export as new Build Order

LilDicky Terran - Winner!

Build Orders: Liberator Opening, Reaper Expand 

Get SALT Encoding   

  12  0:01  SCV  
  13  0:13  SCV  
  14  0:17  Supply Depot  
  14  0:26  SCV  
  15  0:31  Refinery  
  15  0:39  SCV  
  16  0:47  Barracks  
  16  0:56  SCV  
  17  1:08  SCV  
  18  1:21  SCV  
  19  1:34  Reaper  
  19  1:36  Orbital Command  
  20  1:51  Command Center  
  20  2:05  Refinery  
  20  2:13  Factory  
  20  2:14  Marine  
  21  2:22  Supply Depot  
  21  2:24  SCV  
  22  2:37  SCV  
  23  2:43  Marine  
  24  2:58  Starport  
  24  2:59  Factory Tech Lab, Armory  
  24  3:01  Marine  
  25  3:09  Orbital Command  
  25  3:14  SCV  
  25  3:19  Marine  
  27  3:29  SCV  
  28  3:42  Liberator  
  28  3:45  Marine  
  28  3:46  Thor  
  35  3:54  SCV x2  
  35  3:55  Refinery  
  39  4:05  Marine  
  39  4:07  SCV  
  41  4:12  SCV  
  42  4:18  Supply Depot  
  42  4:20  SCV  
  43  4:36  Liberator  
  42  4:43  SCV  
  46  5:01  Supply Depot  
  46  5:09  Command Center  
  46  5:12  Supply Depot  
  46  5:13  SCV  
  46  5:22  Thor  
  46  5:23  SCV  
  46  5:27  Marine  
  40  6:22  Orbital Command  
  40  6:25  SCV x2  
  41  6:26  Thor  
  41  6:28  Starport Reactor  
  47  6:33  Barracks x2  
  47  6:34  Barracks x2  
  47  6:35  Barracks  
  47  6:39  SCV x2  
  49  6:41  Barracks Tech Lab  
  49  6:57  Command Center, SCV x2  
  51  7:01  Refinery  
  51  7:05  SCV  
  51  7:07  Engineering Bay  
  52  7:08  Supply Depot  
  52  7:09  SCV, Supply Depot  
  52  7:10  Thor  
  59  7:17  Stimpack, Marine  
  59  7:22  Barracks Reactor  
  60  7:23  Barracks Reactor  
  60  7:24  Barracks Reactor, Barracks Tech Lab, Liberator x2  
  66  7:48  Supply Depot x3  
  66  7:50  Marine  
  67  7:54  SCV  
  67  7:55  Terran Infantry Weapons Level 1  
  68  7:59  Combat Shields, Engineering Bay  
  68  8:00  Marine x4  
  68  8:04  Thor  
  78  8:10  SCV  
  78  8:11  SCV x2, Refinery x2  
  81  8:16  Marine x2  
  81  8:17  Marauder  
  81  8:18  Marine x2  
  87  8:24  Medivac  
  88  8:50  Marine  
  88  8:51  Marine x6  
  88  8:52  Marauder  
  88  8:53  Planetary Fortress  
  97  9:03  SCV x2  
  97  9:09  Marauder  
  88  9:42  Marine x2  
  88  9:43  Marauder x2  
  94  9:58  Marine  
  94  9:59  Marine  
  96  10:04  Marauder x2  
  96  10:06  Marine x3  
  103  10:09  Terran Infantry Weapons Level 2  
  103  10:11  Terran Infantry Armor Level 1, SCV x2  
  104  10:15  Command Center, Marine  
  104  10:16  Marine  
  104  10:17  Command Center  
  106  10:25  Marauder x2  
  110  10:40  Marine x3  
  113  10:43  Marine x2  
  113  10:47  Marauder x2  
  111  11:08  Marauder x2  
  115  11:12  Marine x4  
  115  11:15  Ghost Academy x2, Marine  
  115  11:16  Marine  
  115  11:17  Ghost Academy  
  121  11:29  Marauder  
  121  11:30  Marauder  
  125  11:51  Marauder x2  
Show
View Real Time Build Order
Export as new Build Order

Voskk Zerg 

Build Orders: Hatch First 

Get SALT Encoding   

  12  0:05  Drone  
  13  0:12  Overlord  
  13  0:18  Drone  
  14  0:31  Drone x2  
  16  0:41  Drone  
  17  0:55  Hatchery  
  16  1:03  Drone x2  
  18  1:09  Extractor  
  17  1:11  Drone  
  18  1:22  Spawning Pool  
  17  1:30  Drone  
  18  1:34  Drone  
  19  1:44  Overlord  
  19  2:00  Drone  
  20  2:10  Hatchery, Queen, Zergling x2  
  22  2:19  Zergling x2  
  23  2:26  Drone, Zergling x2  
  23  2:27  Drone  
  26  2:30  Metabolic Boost  
  26  2:35  Drone  
  27  2:49  Drone  
  28  2:52  Overlord  
  28  2:53  Drone  
  28  2:55  Queen  
  31  3:02  Drone x2  
  31  3:03  Drone  
  34  3:13  Drone x2  
  34  3:14  Baneling Nest  
  35  3:23  Queen  
  35  3:24  Drone  
  35  3:26  Drone x2  
  40  3:31  Drone  
  41  3:37  Extractor  
  41  3:39  Extractor  
  39  3:41  Evolution Chamber  
  39  3:43  Drone x2  
  39  3:44  Drone x2  
  39  3:45  Drone x2  
  44  3:57  Drone x3  
  44  4:01  Zergling x4  
  48  4:05  Baneling x2  
  48  4:07  Zergling x2  
  48  4:08  Overlord  
  48  4:09  Overlord  
  49  4:21  Overlord x2  
  49  4:34  Zergling x4  
  46  4:51  Zergling x6  
  46  4:52  Zergling x6  
  52  4:59  Roach Warren  
  51  5:03  Zerg Ground Armor Level 1  
  51  5:04  Zergling x2  
  51  5:05  Zergling x4  
  51  5:06  Drone  
  55  5:08  Queen  
  54  5:16  Zergling x6  
  54  5:17  Baneling x4  
  54  5:18  Zergling x4  
  59  5:29  Overlord x2  
  59  5:33  Zergling x2  
  56  5:36  Queen  
  56  5:38  Queen  
  54  5:50  Queen  
  55  5:57  Zergling x4  
  55  5:58  Roach x3  
  62  6:23  Zergling x2  
  62  6:24  Drone x2  
  64  6:32  Overlord x2  
  64  6:36  Overlord  
  64  6:39  Lair  
  62  6:41  Overlord x2  
  62  6:42  Overlord, Extractor  
  62  6:43  Roach x2  
  65  6:57  Roach  
  65  6:58  Roach  
  65  6:59  Zergling x2  
  65  7:00  Zergling x2  
  71  7:03  Overlord  
  71  7:10  Zerg Missile Weapons Level 1  
  71  7:14  Evolution Chamber  
  70  7:21  Drone x3  
  70  7:22  Drone x6  
  79  7:23  Drone  
  80  7:33  Pneumatized Carapace  
  80  7:34  Zergling x2  
  81  7:41  Zergling x2  
  81  7:42  Roach  
  81  7:43  Drone x2, Roach x2  
  90  7:58  Drone x2  
  92  8:09  Hydralisk Den  
  92  8:10  Hatchery  
  92  8:11  Roach x3  
  92  8:12  Zergling x6  
  99  8:16  Drone x4  
  99  8:41  Extractor x2  
  97  8:51  Ravager x4  
  97  8:52  Ravager  
  97  8:55  Roach x2  
  106  8:56  Overlord x2  
  106  8:59  Overseer  
  103  9:18  Hydralisk x3  
  101  9:28  Hydralisk  
  95  9:37  Hydralisk x2, Roach x2  
  95  9:38  Roach  
  61  9:55  Roach  
  54  10:04  Extractor, Zergling x10  
  54  10:05  Extractor, Zergling x6  
  56  10:15  Hydralisk, Roach  
  60  10:23  Hydralisk  
  60  10:24  Roach  
  64  10:28  Hydralisk  
  64  10:29  Hydralisk, Roach x3  
  64  10:30  Roach  
  64  10:35  Roach x2  
  79  10:39  Zergling x6  
  76  10:55  Hydralisk x2  
  76  10:56  Roach x2  
  63  11:02  Zergling x4  
  48  11:07  Zergling x2  
  46  11:12  Roach  
  34  11:24  Roach, Zergling x2  
  30  11:37  Hatchery  
  25  11:50  Hydralisk, Roach  
  25  12:02  Hydralisk  
  25  12:03  Hydralisk, Roach  
  29  12:18  Drone  
Tags
 
Add a new tag
Caveats
  • Supply blocks, unpowered buildings, or Contaminate may cause inaccurate times.
  • Supply counts are checked every 10 seconds.